 Dungeon Crawl Stone Soup version 0.29.1-2-gbd0b4ee654 (webtiles) character file.

Game seed: 16736029316904154173

114781 croobank the Fighter (level 16, -12/105 (133) HPs)
             Began as a Demonspawn Conjurer on Oct 29, 2022.
             Was an Initiate of Gozag.
             Mangled by Arachne
             ... wielding a staff of poison
              (13 damage)
             ... on level 2 of the Spider Nest on Oct 30, 2022.
             The game lasted 04:58:52 (59634 turns).

croobank the Fighter (Demonspawn Conjurer)         Turns: 59634, Time: 04:58:53

HP:   -12/105 (133) AC: 28    Str:  7    XL:     16   Next: 17%
MP:   23/30         EV: 17    Int: 32    God:    Gozag
Gold: 1344          SH:  0    Dex: 12    Spells: 12/36 levels left

rFire   + + .      SeeInvis +   n - +7 war axe (vamp)
rCold   + . .      Faith    .   (no shield)
rNeg    . . .      Spirit   .   l - +0 ring mail of Derahuv {rF++ rC+ Will+}
rPois   .          Reflect  .   N - +2 hat {SInv}
rElec   .          Harm     .   Z - +1 cloak {Stlth+}
rCorr   +          Rampage  .   p - +2 pair of gloves {Stlth+}
Will    ++...      Clarity  +   w - +2 pair of boots
Stlth   +++++.....              D - amulet of the acrobat
HPRegen 0.27/turn               Y - +6 ring of intelligence
MPRegen 0.22/turn               z - ring of resist corrosion

@: mighty, agile, lethally poisoned (-12 -> -17), silenced, sanguine armoured,
heavily drained, unable to drink
A: demonic guardian 3, powered by pain 2, sanguine armour 3, weakness stinger 2,
clarity, dopey 1, shaggy fur 1, inability to drink after injury 1
a: Renounce Religion


You were on level 2 of the Spider Nest.
You worshipped Gozag.
Gozag was most pleased with you.
You visited 6 branches of the dungeon, and saw 25 of its levels.

You collected 8072 gold pieces.
You spent 2945 gold pieces at shops.
You paid 3783 gold pieces to Gozag.

Inventory:

Hand Weapons
 a - the +3 falchion of the Battered Loafs {spect, rElec Str+5}
   (You found it on level 9 of the Dungeon)

   When its wielder attacks, the weapon's spirit leaps out and strikes again.
   The spirit shares a part of any damage it takes with its wielder.
   Str:       It affects your strength (+5).
   rElec:     It insulates you from electricity.
 b - a +3 vorpal sling
 i - a +1 war axe of flaming
 j - a +5 halberd of freezing
 k - a +3 great mace
 n - a +7 vampiric war axe (weapon)
 o - the +3 short sword "Mamur" {elec, Str-4 Int+4}
   (You found it on level 2 of the Dungeon)

   It occasionally discharges a powerful burst of electricity upon striking a
   foe.
   Str:       It affects your strength (-4).
   Int:       It affects your intelligence (+4).
 r - the +9 halberd of Ignis, Flying {drain, Drain Str+3 Stlth+}
   (You bought it in a shop on level 1 of the Orcish Mines)

   A truly terrible weapon, it drains the life of any living foe it strikes.
   Str:       It affects your strength (+3).
   Drain:     It drains your maximum health when unequipped.
   Stlth:     It makes you more stealthy.
 G - a +4 dagger
 U - a +2 broad axe of freezing
Missiles
 d - 6 silver javelins (quivered)
 g - 6 silver boomerangs
 A - 9 curare-tipped darts
Armour
 l - the +0 ring mail of Derahuv (worn) {rF++ rC+ Will+}
   (You bought it in a shop on level 1 of the Orcish Mines)

   rF:        It greatly protects you from fire.
   rC:        It protects you from cold.
   Will:      It increases your willpower.
 p - a +2 pair of gloves of stealth (worn)
 w - a +2 pair of boots (worn)
 x - a +0 robe
 B - +2 steam dragon scales
 N - a +2 hat of see invisible (worn)
 Z - a +1 cloak of stealth (worn)
Jewellery
 h - a ring of flight
 u - a ring of protection from fire
 z - a ring of resist corrosion (right hand)
 D - an amulet of the acrobat (around neck)
 V - a ring of wizardry
 X - a +4 ring of protection
 Y - a +6 ring of intelligence (left hand)
Wands
 s - a wand of polymorph (13)
 y - a wand of mindburst (18)
 E - a wand of flame (27)
 H - a wand of roots (12)
 K - a wand of acid (23)
 S - a wand of charming (10)
Scrolls
 e - 3 scrolls of fog
 v - 2 scrolls of blinking
 F - 7 scrolls of immolation
 J - a scroll of teleportation
 M - 7 scrolls of identify
 P - 2 scrolls of amnesia
 Q - 2 scrolls of poison
 T - 6 scrolls of magic mapping
Potions
 c - 4 potions of resistance
 m - 10 potions of curing
 q - 2 potions of attraction
 t - 4 potions of flight
 C - 2 potions of cancellation
 I - a potion of magic
 L - 2 potions of invisibility
 O - a potion of lignification
Miscellaneous
 f - a phial of floods


   Skills:
 - Level 14.2 Fighting
 - Level 6.5 Long Blades
 - Level 5.6 Axes
 + Level 10.4 Dodging
 - Level 10.4 Stealth
 + Level 10.5 Spellcasting
 - Level 9.0 Conjurations
 - Level 5.0 Hexes
 + Level 3.4 Summonings
 - Level 5.0 Translocations
 + Level 6.8 Transmutations
 + Level 7.8 Air Magic


You had 12 spell levels left.
You knew the following spells:

 Your Spells              Type           Power      Damage    Failure   Level
a - Magic Dart            Conj           100%       1d8       1%          1
b - Searing Ray           Conj           100%       2d8       1%          2
c - Dazzling Flash        Conj/Hex       100%       N/A       1%          3
d - Iskenderun's Mystic   Conj/Tloc      58%        2d12      6%          4
e - Tukima's Dance        Hex            48%        N/A       4%          3
f - Swiftness             Air            61%        N/A       1%          3
g - Fulminant Prism       Conj/Hex       29%        3d14      6%          4
h - Summon Lightning Spi  Summ/Air       52%        N/A       10%         4

Your spell library contained the following spells:

 Spells                   Type           Power      Damage    Failure   Level
 Foxfire                  Conj/Fire      100%       2x1d9     1%          1
 Shock                    Conj/Air       100%       1d9       1%          1
 Static Discharge         Conj/Air       63%        3-11/arc  1%          2
 Sting                    Tmut/Pois      100%       1d8       2%          1
 Mephitic Cloud           Conj/Pois/Air  52%        N/A       3%          3
 Conjure Flame            Conj/Fire      45%        6-21      4%          3
 Portal Projectile        Hex/Tloc       96%        N/A       4%          3
 Airstrike                Air            30%        2d(5-21)  4%          4
 Iskenderun's Battlesphe  Conj           66%        2d12      7%          5
 Lightning Bolt           Conj/Air       31%        1d48      9%          5
 Necrotise                Necr           64%        1d7       11%         1
 Inner Flame              Hex/Fire       32%        N/A       11%         3
 Ignite Poison            Fire/Tmut/Pois 31%        N/A       12%         3
 Cause Fear               Hex            24%        N/A       13%         4
 Flame Wave               Conj/Fire      45%        2d12      16%         4
 Sticky Flame             Conj/Fire      45%        2d6       16%         4
 Blade Hands              Tmut           28%        N/A       17%         5
 Petrify                  Tmut/Erth      38%        N/A       26%         4
 Freezing Cloud           Conj/Ice/Air   26%        6-21      28%         5
 Ozocubu's Armour         Ice            16%        N/A       30%         3
 Vampiric Draining        Necr           16%        2d7       30%         3
 Conjure Ball Lightning   Conj/Air       31%        3x3d10    43%         6
 Dispel Undead            Necr           16%        3d10      71%         4
 Metabolic Englaciation   Hex/Ice        16%        N/A       71%         5
 Dispersal                Tloc           24%        N/A       90%         6
 Iron Shot                Conj/Erth      22%        9d5       94%         6
 Agony                    Necr           16%        N/A       96%         5
 Lee's Rapid Deconstruct  Erth           8%         3d8*      96%         5
 Statue Form              Tmut/Erth      25%        N/A       98%         6
 Storm Form               Tmut/Air       29%        N/A       99%         7
 Ozocubu's Refrigeration  Ice            8%         4d9       100%        7
 Spellforged Servitor     Conj/Summ      27%        N/A       100%        7
 Discord                  Hex            24%        N/A       100%        8
 Disjunction              Tloc           24%        N/A       100%        8
 Infestation              Necr           8%         N/A       100%        8
 Maxwell's Capacitive Co  Air            30%        ∞         100%        8
 Corpse Rot               Necr/Pois/Air  Unusable   N/A       N/A         4

Dungeon Overview and Level Annotations

Branches:
Dungeon (14/15)            Temple (1/1) D:4            Lair (5/5) D:11
 Shoals (0/4) Lair:2       Spider (2/4) Lair:3        Slime (0/5) Lair:4
    Orc (2/2) D:9             Elf (1/3) Orc:2        Vaults (0/5) D:13

Altars:
Ashenzari
Cheibriados
Dithmenos
Fedhas
Gozag
Hepliaklqana
Kikubaaqudgha
Makhleb
Nemelex Xobeh
Okawaru
Qazlal
Ru
Sif Muna
Trog
Uskayaw
Vehumet
Wu Jian
Xom
Yredelemnul
Jiyva

Shops:
D:2 :   D:7 [   D:8 !   D:9 !   D:12 *   Orc:1 *[[:   Orc:2 *[*[*

Portals:
Abyss: D:8

Annotations:
D:14 Rupert
Spider:2 Arachne


Innate Abilities, Weirdness & Mutations

A powerful demonic guardian rushes to your aid.
You sometimes gain power by taking damage.
When seriously injured, your blood forms very thick armour. (AC +12)
You have a tail ending in a sharp stinger.
You possess an exceptional clarity of mind.
You are dopey. (Int -2)
You are covered in fur. (AC +1)
You occasionally lose the ability to drink potions when taking damage.


Message History

You feel sick. Arachne misses you.
The jumping spider leaps!
Magic scrolls do not work when you're silenced!
Okay, then.
Really wield
r - the +9 halberd of Ignis, Flying {drain, Drain Str+3 Stlth+}? [Y]es or [N]o only, please.
Really wield
r - the +9 halberd of Ignis, Flying {drain, Drain Str+3 Stlth+}?
Uppercase [Y]es or [N]o only, please.
Really wield
r - the +9 halberd of Ignis, Flying {drain, Drain Str+3 Stlth+}? [Y]es or [N]o only, please.
Really wield
r - the +9 halberd of Ignis, Flying {drain, Drain Str+3 Stlth+}?
You feel stronger.
You sense an unholy aura.
r - the +9 halberd of Ignis, Flying (weapon)
{drain, Drain Str+3 Stlth+} You feel sick.
The wolf spider hits you but does no damage.
The wolf spider bites you but does no damage.
Arachne hits you with a staff of poison!
* * * LOW HITPOINT WARNING * * *
A demonic guardian appears!
You focus on the pain.
You feel mightier all of a sudden. Arachne envenoms you!
* * * LOW HITPOINT WARNING * * *
You are more poisoned.
Really unwield
r - the +9 halberd of Ignis, Flying {drain, Drain Str+3 Stlth+}?
Uppercase [Y]es or [N]o only, please.
Really unwield
r - the +9 halberd of Ignis, Flying {drain, Drain Str+3 Stlth+}?
You feel drained.
You feel a sense of dread.
n - a +7 vampiric war axe (weapon)
* * * LOW HITPOINT WARNING * * *
You feel sick.
The wolf spider hits you but does no damage.
The wolf spider bites you but does no damage.
You slice Arachne!!
Arachne is lightly wounded.
You slash the wolf spider!
You feel better.
* * * LOW HITPOINT WARNING * * *
You feel sick.
Arachne hits you with a staff of poison!
You die...
Your body crumbles into a pile of gold.

##.....##..###.#...........
#...#.... ####.(........$.
#..###..###.###...........
#.## #.###...###.$........
#. ..# #....##.$$....... .#
#.^..#$s.........
#.....$°......... $
##.....#H.#......#
.........@ss##....##
.^##....3...# ...## .
#..^.....# #.## #.......##
#. ##......# .. .........
###.......# ##..##...


You could see Arachne (ally target), a wolf spider, a jumping spider, a redback
and a friendly sun demon (summoned).

Vanquished Creatures
  3 orc warlords
  7 hydras
  An ice dragon (D:13)
  An ogre mage (D:13)
  A catoblepas (Lair:3)
  3 vault guards
  A jorogumo (Spider:1)
  A death scarab (Spider:1)
  3 two-headed ogres
  2 centaur warriors
  3 death yaks
  2 dancing weapons (Elf:1)
  Sonja (D:10)
  2 pharaoh ants (Lair:3)
  The ghost of Godmorgon the Zephyrmancer, a novice TeAE of Vehumet (D:8)
  3 skeletal warriors
  An orb spider (Spider:1)
  A steelbarb worm (Spider:1)
  A wizard (D:13)
  6 orc knights
  A deep elf pyromancer (Elf:1)
  5 cyclopes
  5 wolf spiders
  2 manticores
  3 orc sorcerers
  A moth of wrath (Lair:3)
  5 ugly things (D:14)
  Maurice (D:12)
  Joseph (D:11)
  9 elephants
  A guardian serpent (Lair:5)
  The ghost of warborn304 the Trooper, a novice MiBe of Trog (D:4)
  5 gargoyles
  6 black mambas
  A torpor snail (Lair:4)
  6 rime drakes
  14 cane toads
  A freezing wraith (D:13)
  2 kobold demonologists
  5 komodo dragons
  2 demonic crawlers
  A yaktaur (D:13)
  10 trolls
  6 polar bears
  A meliai (Spider:2)
  4 hornets
  7 tarantellas
  14 slime creatures
  12 blink frogs
  10 dream sheep
  11 jumping spiders
  4 centaur simulacra (D:14)
  A vampire (D:11)
  4 air elementals (Elf:1)
  14 wyverns
  7 culicivoras
  48 yaks
  2 water elementals
  7 basilisks
  2 steam dragons
  Grum (D:9)
  5 vampire mosquitoes
  20 redbacks
  12 wargs
  2 acid dragons
  19 water moccasins
  50 orc warriors
  A sky beast (D:6)
  A swamp drake (Lair:5)
  3 black bears
  An ice beast (D:14)
  5 boggarts
  8 ogres
  10 wolves
  5 centaurs
  A phantom (D:7)
  A small abomination (D:8)
  2 kobold brigands
  7 bullfrogs
  A necrophage (D:7)
  A gnoll sergeant (D:8)
  4 scorpions
  4 wights
  A hornet simulacrum (D:14)
  7 killer bees (D:9)
  6 electric eels
  2 howler monkeys
  A lava snake (D:9)
  3 hounds
  3 jellies
  13 orc priests
  A gnoll bouda (D:6)
  Ijyb (D:3)
  9 iguanas
  Natasha (twice) (D:3)
  19 orc wizards
  12 gnolls
  2 adders
  A shadow imp (D:7)
  A white imp (D:5)
  4 ufetubi
  A worm (D:3)
  A dart slug (D:2)
  99 orcs
  8 ball pythons
  10 endoplasms
  3 giant cockroaches
  3 hobgoblins
  2 jackals (D:2)
  11 kobolds
  4 quokkas
  7 bats
  5 frilled lizards
  10 goblins
  3 rats (D:1)
705 creatures vanquished.

Vanquished Creatures (collateral kills)
  Gastronok (Lair:1)
  Aizul (Lair:3)
  The ghost of Fuivviy the Fighter, a journeyman PaAM of Zin (Lair:2)
  2 entropy weavers (Spider:1)
  2 boulder beetles
  A vault guard (D:13)
  A catoblepas (Lair:4)
  A hydra (Lair:5)
  A radroach (Spider:2)
  2 death yaks
  Nergalle (D:10)
  A skeletal warrior (D:13)
  An orb spider (Spider:1)
  A pharaoh ant (Spider:2)
  An orc knight (D:12)
  A deep elf pyromancer (Elf:1)
  A manticore (D:11)
  2 elephants
  A slime creature (D:12)
  A moth of wrath (Spider:1)
  A black mamba (Lair:5)
  2 cane toads (Lair:5)
  3 demonic crawlers
  2 meliai (Spider:2)
  6 culicivoras
  A jumping spider (Lair:3)
  An air elemental (Elf:1)
  A vampire (D:11)
  6 yaks
  A basilisk (Lair:2)
  3 vampire mosquitoes (D:10)
  3 redbacks
  3 wargs
  3 orc warriors
  A centaur (D:8)
  A bullfrog (D:5)
  4 wights
  A killer bee (D:9)
  2 orc priests
  An orc wizard (Orc:2)
  Natasha (D:3)
  2 adders
  A gnoll (D:2)
  A white imp (D:6)
  10 orcs
85 creatures vanquished.

Vanquished Creatures (others)
  11 dancing weapons
  3 killer bees (D:9)
  An orc (Orc:2)
  5 bushes (Lair:5)
  142 fulminant prisms
  93 fungi
  138 plants
393 creatures vanquished.

Grand Total: 1183 creatures vanquished

Notes
Turn   | Place    | Note
-------+----------+-------------------------------------------
     0 | D:1      | croobank the Demonspawn Conjurer began the quest for the
                  | Orb.
     0 | D:1      | Reached XP level 1. HP: 13/13 MP: 3/3
   275 | D:1      | Gained mutation: A weak demonic guardian rushes to your
                  | aid. [demonic ancestry]
   275 | D:1      | Reached XP level 2. HP: 19/19 MP: 1/5
   315 | D:1      | Learned a level 2 spell: Searing Ray
  1072 | D:1      | Found a faded altar of an unknown god.
  1171 | D:1      | Reached XP level 3. HP: 24/24 MP: 0/6
  1175 | D:1      | Learned a level 3 spell: Dazzling Flash
  1969 | D:2      | Found Cul Analo's Book Boutique.
  2102 | D:2      | Identified the +3 short sword "Mamur" {elec, Str-4 Int+4}
  2250 | D:2      | Gained mutation: You sometimes gain a little power by
                  | taking damage. [demonic ancestry]
  2250 | D:2      | Reached XP level 4. HP: 26/30 MP: 4/7
  2819 | D:3      | Noticed Natasha
  2829 | D:3      | Killed Natasha
  3278 | D:3      | Gained mutation: You have a small tail. [demonic ancestry]
  3278 | D:3      | Reached XP level 5. HP: 35/35 MP: 4/9
  3406 | D:3      | Noticed Ijyb
  3419 | D:3      | Killed Ijyb
  3715 | D:3      | Noticed Natasha
  3722 | D:3      | Killed Natasha
  4128 | D:3      | Noticed Natasha
  4133 | D:3      | Killed Natasha
  4432 | D:4      | Found a transporter.
  4432 | D:4      | Noticed warborn304's ghost (novice MiBe)
  4435 | D:4      | Found a transporter.
  4479 | D:4      | Found a staircase to the Ecumenical Temple.
  4485 | Temple   | Entered the Ecumenical Temple
  4969 | D:4      | Reached skill level 1 in Fighting
  4972 | D:4      | Reached XP level 6. HP: 37/43 MP: 0/10
  4992 | D:5      | Entered Level 5 of the Dungeon
  5214 | D:4      | Reached skill level 5 in Conjurations
  5711 | D:4      | Reached skill level 2 in Fighting
  5711 | D:4      | Reached skill level 1 in Axes
  5985 | D:5      | Noticed a water moccasin
  6058 | D:5      | Gained mutation: When seriously injured, your blood forms
                  | armour. (AC +12) [demonic ancestry]
  6058 | D:5      | Reached XP level 7. HP: 9/50 MP: 10/12
  6241 | D:5      | Found a blossoming altar of Fedhas.
  6265 | D:5      | Found a stormy altar of Qazlal.
  6328 | D:5      | Reached skill level 1 in Hexes
  6328 | D:5      | Reached skill level 1 in Translocations
  6606 | D:5      | Found a basalt altar of Yredelemnul.
  6607 | D:5      | Found a shimmering altar of Xom.
  6824 | D:5      | Found an iron altar of Okawaru.
  7081 | D:5      | Noticed a steam dragon
  7096 | D:5      | Killed a steam dragon
  7097 | D:5      | Reached skill level 3 in Fighting
  7385 | D:5      | Learned a level 4 spell: Iskenderun's Mystic Blast
  7535 | D:5      | Found a shadowy altar of Dithmenos.
  7992 | D:6      | Gained mutation: A demonic guardian rushes to your aid.
                  | [demonic ancestry]
  7992 | D:6      | Reached XP level 8. HP: 56/58 MP: 13/13
  8432 | D:6      | Learned a level 3 spell: Tukima's Dance
  8768 | D:6      | Reached skill level 4 in Fighting
 10190 | D:7      | Found a broken altar of Ashenzari.
 10245 | D:7      | Found Duar's Armour Shoppe.
 10254 | D:7      | Gained mutation: A powerful demonic guardian rushes to your
                  | aid. [demonic ancestry]
 10254 | D:7      | Reached XP level 9. HP: 67/67 MP: 5/15
 10444 | D:7      | Bought a +2 pair of boots for 247 gold pieces
 10584 | D:7      | Reached skill level 5 in Fighting
 11495 | D:8      | Found an opulent altar of Gozag.
 11521 | D:8      | Became a worshipper of Gozag Ym Sagoz the Greedy
 11703 | D:8      | Found Guash's Distillery.
 11755 | D:8      | Reached skill level 5 in Stealth
 12635 | D:8      | Reached skill level 5 in Spellcasting
 12674 | D:8      | Bought a potion of haste for 120 gold pieces
 12758 | D:8      | Found a transporter.
 12783 | D:8      | Found a transporter.
 12794 | D:8      | Reached skill level 6 in Fighting
 12975 | D:8      | You are sucked into a shaft and drop 3 floors!
 12997 | D:10     | Entered Level 10 of the Dungeon
 13001 | D:10     | Noticed a gargoyle
 13013 | D:10     | Noticed Nergalle
 13198 | D:9      | Noticed a two-headed ogre
 13557 | D:9      | Identified the +3 falchion of the Battered Loafs {spect,
                  | rElec Str+5}
 13569 | D:9      | Reached skill level 5 in Dodging
 13670 | D:9      | Noticed a troll
 13679 | D:9      | Killed a troll
 13682 | D:9      | Gained mutation: You are dopey. (Int -2) [potion of
                  | mutation]
 13682 | D:9      | Gained mutation: You are covered in fur. (AC +1) [potion of
                  | mutation]
 13682 | D:9      | Gained mutation: You occasionally lose the ability to drink
                  | potions when taking damage. [potion of mutation]
 13682 | D:9      | Gained mutation: You possess an exceptional clarity of
                  | mind. [potion of mutation]
 13779 | D:9      | Noticed Grum
 13885 | D:9      | Gained mutation: You sometimes gain power by taking damage.
                  | [demonic ancestry]
 13885 | D:9      | Reached XP level 10. HP: 69/77 MP: 14/17
 14014 | D:9      | Found a hide-covered altar of Uskayaw.
 14133 | D:9      | Found a staircase to the Orcish Mines.
 14463 | D:9      | Killed Grum
 15323 | D:10     | Reached skill level 7 in Fighting
 16347 | D:10     | Killed a gargoyle
 16348 | D:10     | Reached skill level 5 in Hexes
 16462 | D:10     | Noticed Sonja
 16464 | D:10     | Killed Sonja
 16465 | D:10     | Gained mutation: When seriously injured, your blood forms
                  | thick armour. (AC +12) [demonic ancestry]
 16465 | D:10     | Reached XP level 11. HP: 86/86 MP: 19/19
 16474 | D:10     | Killed Nergalle
 16835 | D:10     | Noticed a sixfirhy
 16849 | D:9      | Reached skill level 8 in Fighting
 17421 | D:10     | Noticed a two-headed ogre
 17444 | D:10     | Killed a two-headed ogre
 17445 | D:10     | Reached skill level 5 in Axes
 17445 | D:10     | Reached skill level 5 in Translocations
 18903 | D:11     | Noticed a centaur warrior
 18931 | D:11     | Killed a centaur warrior
 19367 | D:11     | Found a staircase to the Lair.
 19501 | D:11     | Reached skill level 9 in Fighting
 19786 | D:12     | Noticed a boulder beetle
 19971 | Lair:1   | Entered Level 1 of the Lair of Beasts
 20024 | Lair:1   | Noticed Joseph
 20042 | D:11     | Killed Joseph
 21059 | D:11     | Reached skill level 1 in Long Blades
 21195 | D:11     | Learned a level 3 spell: Swiftness
 21237 | D:10     | Reached XP level 12. HP: 41/96 MP: 22/22
 21493 | D:13     | Noticed a vault guard
 21494 | D:13     | Noticed a vault guard
 21974 | D:11     | Reached skill level 1 in Air Magic
 22527 | D:11     | Learned a level 4 spell: Fulminant Prism
 22723 | Lair:1   | Noticed Gastronok
 22734 | Lair:1   | Killed Gastronok
 23540 | Lair:2   | Reached skill level 10 in Fighting
 23856 | Lair:2   | Noticed a five-headed hydra
 23873 | Lair:2   | Killed a five-headed hydra
 24713 | Lair:2   | Found a runed translucent door.
 24714 | Lair:2   | Noticed a seven-headed hydra
 24715 | Lair:2   | Noticed Fuivviy's ghost (journeyman PaAM)
 25792 | Lair:2   | Found a staircase to the Shoals.
 26658 | Lair:3   | Reached XP level 13. HP: 103/105 MP: 14/24
 26658 | Lair:3   | Found a hole to the Spider Nest.
 27449 | Lair:3   | Reached skill level 11 in Fighting
 27890 | Lair:4   | Found a staircase to the Slime Pits.
 27890 | Lair:4   | Found a viscous altar of Jiyva.
 27948 | Lair:4   | Reached skill level 1 in Transmutations
 28004 | Lair:4   | HP: 5/106 [poisoned by a cane toad]
 28007 | Lair:4   | HP: 2/106 [poisoned by a cane toad]
 30263 | Lair:5   | Entered Level 5 of the Lair of Beasts
 32799 | Lair:5   | Reached skill level 12 in Fighting
 33312 | Lair:5   | Reached skill level 5 in Long Blades
 33415 | Lair:5   | Gained mutation: When seriously injured, your blood forms
                  | very thick armour. (AC +12) [demonic ancestry]
 33415 | Lair:5   | Reached XP level 14. HP: 105/115 MP: 10/26
 34374 | Lair:5   | Reached skill level 5 in Air Magic
 37160 | Orc:1    | Entered Level 1 of the Orcish Mines
 37160 | Orc:1    | Found Cafaideq's Antique Armour Emporium.
 37414 | Orc:1    | Noticed an orc warlord
 38816 | D:12     | Found Filetop's Assorted Antiques.
 38898 | D:12     | Noticed Maurice
 38912 | D:12     | Killed Maurice
 39164 | D:12     | Bought a potion of heal wounds for 170 gold pieces
 39164 | D:12     | Bought a potion of heal wounds for 170 gold pieces
 39164 | D:12     | Bought a scroll of enchant weapon for 255 gold pieces
 40032 | D:13     | Reached skill level 13 in Fighting
 40407 | D:13     | Got Sif Muna's Handbook of Pestilence and Death
 43331 | D:13     | Found a gate to the Vaults.
 43549 | D:14     | Reached XP level 15. HP: 69/124 MP: 28/28
 44195 | D:13     | Reached skill level 10 in Stealth
 44195 | D:13     | Reached skill level 5 in Transmutations
 45321 | D:14     | Noticed Rupert
 45735 | D:9      | Killed an orc warlord
 46175 | D:9      | Bought a potion of invisibility for 112 gold pieces
 46175 | D:9      | Bought a potion of resistance for 140 gold pieces
 46552 | Orc:1    | Found Viudie's Armour Shop.
 46556 | Orc:1    | Found Edder's Assorted Antiques.
 46575 | Orc:1    | Bought a scroll of teleportation for 99 gold pieces
 46622 | Orc:1    | Found Guol's Book Shoppe.
 46685 | Orc:2    | Entered Level 2 of the Orcish Mines
 46685 | Orc:2    | Found a staircase to the Elven Halls.
 48654 | Orc:2    | Noticed an orc warlord
 49149 | Orc:2    | Noticed an orc warlord
 50375 | Orc:2    | Killed an orc warlord
 50376 | Orc:2    | Reached skill level 14 in Fighting
 51037 | Orc:2    | Found Uxosuf's General Store.
 51037 | Orc:2    | Found Geysum's Armour Boutique.
 51042 | Orc:2    | Bought a scroll of summoning for 104 gold pieces
 51053 | Orc:2    | Bought a +1 pair of gloves of stealth for 198 gold pieces
 51099 | Orc:2    | Found Fisew's Assorted Antiques.
 51099 | Orc:2    | Found Dovesio's Armour Boutique.
 51213 | Orc:2    | Killed an orc warlord
 51461 | Orc:2    | Found Yfroer's General Store.
 51469 | Orc:2    | Bought a scroll of enchant weapon for 90 gold pieces
 51469 | Orc:2    | Bought a ring of protection from fire for 300 gold pieces
 51469 | Orc:2    | Bought a scroll of enchant armour for 90 gold pieces
 51469 | Orc:2    | Bought a potion of heal wounds for 60 gold pieces
 52054 | D:4      | Killed warborn304's ghost
 52204 | D:8      | Noticed Godmorgon's ghost (novice TeAE)
 52216 | D:8      | Killed Godmorgon's ghost
 52223 | D:8      | Found a one-way gate to the infinite horrors of the Abyss.
 52482 | Lair:2   | Learned a level 4 spell: Summon Lightning Spire
 52511 | Lair:2   | Killed Fuivviy's ghost
 53020 | Orc:1    | Bought the +0 ring mail of Derahuv {rF++ rC+ Will+} for 493
                  | gold pieces
 53036 | Orc:1    | Bought a bone halberd for 297 gold pieces
 53036 | Orc:1    | Identified the +9 halberd of Ignis, Flying {drain, Drain
                  | Str+3 Stlth+} (You bought it in a shop on level 1 of the
                  | Orcish Mines)
 53045 | Elf:1    | Entered Level 1 of the Elven Halls
 53780 | Elf:1    | Noticed a storm dragon
 53785 | Elf:1    | Paralysed by an air elemental for 1 turns
 53789 | Elf:1    | Paralysed by an air elemental for 1 turns
 53793 | Elf:1    | Paralysed by an air elemental for 1 turns
 53798 | Elf:1    | Paralysed by an air elemental for 1 turns
 53804 | Elf:1    | Paralysed by an air elemental for 1 turns
 53839 | Elf:1    | Paralysed by an air elemental for 1 turns
 54220 | Spider:1 | Entered Level 1 of the Spider Nest
 54681 | Lair:3   | Reached skill level 10 in Spellcasting
 54721 | Spider:1 | Noticed Aizul
 54757 | Lair:3   | Killed Aizul
 54758 | Lair:3   | Reached skill level 10 in Dodging
 55330 | Spider:1 | Reached skill level 1 in Summonings
 58077 | Spider:1 | Gained mutation: You have a tail ending in a sharp stinger.
                  | [demonic ancestry]
 58077 | Spider:1 | Reached XP level 16. HP: 129/130 MP: 12/30
 59623 | Spider:2 | Noticed Arachne
 59632 | Spider:2 | HP: 2/133 [Arachne/staff of poison (13)]
 59634 | Spider:2 | Mangled by Arachne

Illustrated notes

Levels and vault maps discovered:
D:1:      dpeg_arrival_refuge, layout_basic, serial_corexii_hall,
          chequers_hall_statues_wall_a, corexii_hall_statues_i,
          chequers_ecumenical_altar_twisty
D:2:      layout_basic, serial_shops, shop_statue
D:3:      layout_loops_corners, serial_bayou_lagoon_a, guppyfry_early_lair_pool,
          uniq_natasha, uniq_ijyb
D:4:      layout_loops_cross, minmay_temple_entry_enclosed_plants,
          gammafunk_ghost_arena
D:5:      layout_rooms, mainiacjoe_overflow_chevrons, marbit_many_paths,
          lemuel_round_altar, grunt_temple_overflow_forces_of_nature,
          mainiacjoe_overflow_divided_tiny
D:6:      layout_basic
D:7:      nicolae_whirlpool, layout_loops_ring, ashenzari_conservatory_becter,
          kennysheep_small_square
D:8:      layout_cave_pools, lemuel_doored_altar, serial_shops, shop,
          gammafunk_ghost_abyssal_escape
D:9:      layout_roguey, kennysheep_little_box, david_orc_1_choice,
          nicolae_lava_and_water, uniq_grum
D:10:     layout_basic, uniq_nergalle, uniq_sonja
D:11:     layout_loops_cross, david_lair_generic
D:12:     layout_roguey, serial_shops, nicolae_shop_hallway_plus, uniq_maurice
D:13:     layout_layer_cave, grunt_vaults_entry_fortified,
          portal_ice_cave_entry_animals_and_master, dreamdust_wishing_well,
          lightli_minifort
D:14:     layout_basic, serial_ice, serial_ice_l, serial_ice_m, serial_ice_f,
          serial_ice_b, fedhas_altar_3, uniq_rupert
Temple:   hc_temple_tempest_star
Lair:1:   layout_layer_cave, grunt_megastairs_4, uniq_gastronok, uniq_joseph
Lair:2:   layout_cave_pods, elwin_shoals_entry_rocks, gauntlet_entry_generic,
          ebering_ghost_inner_flame
Lair:3:   layout_long_grid, nicolae_spider_entry_tight_spaces,
          grunt_megastairs_1
Lair:4:   layout_small_grid, slime_entry_1
Lair:5:   hangedman_lair_tendril_chambers, layout_layer_cave,
          guppyfry_lair_end_dragon, lemuel_fruit_tree
Spider:1: layout_spider_delve, uniq_aizul
Spider:2: layout_chambers, nicolae_spider_some_kinda_spiderbox, uniq_asterion,
          uniq_arachne, uniq_agnes
Orc:1:    layout_diamond_mine, serial_shops, nicolae_shop_statue_plus, shop,
          nicolae_shop_crystal, nicolae_square_shop
Orc:2:    st_orc_town, layout_diamond_mine, serial_shops,
          nicolae_shop_advertising_works [nicolae_subvault_shop_adworks]
Elf:1:    minmay_shoctagon, layout_gridlike, orc_legates

Skill      XL: |  1  2  3  4  5  6  7  8  9 10 11 12 13 14 15 16 |
---------------+-------------------------------------------------+-----
Dodging        | 2 3 4 5 6 7 8 9 10 | 10.4
Stealth        | 2 3 4 5 6 7 8 9 10 | 10.4
Spellcasting   | 3 4 5 6 7 8 9 10 | 10.5
Fighting       | 1 2 3 4 6 7 9 10 12 13 14 | 14.2
Conjurations   | 5 6 7 8 9 |  9.0
Axes           | 1 2 3 4 5 |  5.6
Hexes          | 1 3 4 5 |  5.0
Translocations | 1 2 3 4 5 |  5.0
Long Blades    | 1 3 5 6 |  6.5
Air Magic      | 3 4 6 7 |  7.8
Transmutations | 3 4 6 |  6.8
Summonings     | 2 3 |  3.4

Action                   |  1- 3 |  4- 6 |  7- 9 | 10-12 | 13-15 | 16-18 || total
-------------------------+-------+-------+-------+-------+-------+-------++-------
Melee: Unarmed           |     4 |       |       |       |       |       ||     4
       Dagger            |    17 |     6 |    14 |     1 |     3 |       ||    41
       Short sword       |       |    26 |       |       |       |       ||    26
       Tailslap          |       |     5 |    15 |    68 |   222 |     9 ||   319
       Flail             |       |    11 |   107 |       |       |       ||   118
       War axe           |       |     1 |    10 |       |    50 |     1 ||    62
       Punch             |       |       |     2 |     7 |    18 |       ||    27
       Falchion          |       |       |     1 |   399 |  1032 |    52 ||  1484
Throw: Javelin           |       |     2 |       |       |       |       ||     2
 Cast: Magic Dart        |    78 |    83 |   101 |    74 |   318 |    21 ||   675
       Searing Ray       |     2 |    14 |    35 |    35 |   152 |     1 ||   239
       Tukima's Dance    |       |       |    28 |     9 |    11 |       ||    48
       Iskenderun's Myst |       |       |     2 |    16 |   125 |    12 ||   155
       Dazzling Flash    |       |       |     1 |     1 |     1 |       ||     3
       Fulminant Prism   |       |       |       |    12 |   127 |     3 ||   142
       Swiftness         |       |       |       |     2 |    12 |     1 ||    15
       Summon Lightning  |       |       |       |       |     4 |       ||     4
Invok: Potion Petition   |       |       |       |     3 |     4 |       ||     7
       Call Merchant     |       |       |       |       |     1 |       ||     1
Evoke: Wand              |       |       |    15 |    11 |    10 |     1 ||    37
       Phial of floods   |       |       |       |     1 |       |       ||     1
  Use: Scroll            |     8 |     8 |     9 |     6 |    29 |     1 ||    61
       Potion            |       |     1 |     8 |     3 |    21 |       ||    33
 Stab: Sleeping          |     3 |     5 |     2 |     3 |     5 |       ||    18
       Distracted        |       |     1 |     2 |     5 |    18 |     1 ||    27
       Invisible         |       |       |       |       |     6 |       ||     6
Armor: Robe              |    11 |     8 |       |       |       |       ||    19
       Leather armour    |       |     4 |     6 |       |       |       ||    10
       Skin              |       |       |    16 |       |       |       ||    16
       Steam dragon scal |       |       |    61 |   208 |   390 |       ||   659
       Ring mail         |       |       |       |       |   156 |    43 ||   199
Dodge: Dodged            |    24 |    36 |   213 |   452 |  1107 |    76 ||  1908
